 Dungeon Crawl Stone Soup version 0.28-a0-1594-ga885d4b3d6 (webtiles) character file.

Game seed: 17233760863139964042

86 HallandMoats the Covered (level 4, -2/28 HPs)
             Began as a Gargoyle Fighter on Jan 21, 2022.
             Was an Initiate of Gozag.
             Killed by nerve-wracking pain
             ... invoked by an orc priest
              (4 damage)
             ... on level 3 of the Dungeon.
             The game lasted 00:01:49 (2305 turns).

HallandMoats the Covered (Gargoyle Fighter)         Turns: 2305, Time: 00:01:49

Health: -2/28      AC: 10    Str: 20    XL:     4   Next: 50%
Magic:  4/4        EV:  9    Int:  8    God:    Gozag
Gold:   291        SH:  4    Dex: 11    Spells: 3/3 levels left

rFire   . . .      SeeInvis .   b - +2 whip (elec)
rCold   . . .      Faith    .   c - +0 buckler
rNeg    + . .      Spirit   .   g - +0 scale mail
rPois   ∞          Reflect  .   (no helmet)
rElec   +          Harm     .   (no cloak)
rCorr   .          Rampage  .   (no gloves)
Will    .....                   (no boots)
Stlth   ..........              (no amulet)
HPRegen 0.09/turn               (no ring)
MPRegen 0.09/turn               (no ring)

@: no status effects
A: sickness immunity, AC +3, negative energy resistance 1, electricity
resistance, torment resistance 1, petrification resistance
a: Renounce Religion, Potion Petition, Call Merchant, Bribe Branch


You were on level 3 of the Dungeon.
You worshipped Gozag.
Gozag was aware of your devotion.
You visited 1 branch of the dungeon, and saw 3 of its levels.

You collected 291 gold pieces.

Inventory:

Hand Weapons
 a - a +0 war axe
 b - a +2 whip of electrocution (weapon)
Armour
 c - a +0 buckler (worn)
 g - a +0 scale mail (worn)
Jewellery
 j - a +4 ring of evasion
Scrolls
 e - 2 scrolls of identify {unknown}
 f - 2 scrolls of fear {unknown}
 h - a scroll of blinking {unknown}
 i - a scroll of torment {unknown}
Potions
 d - a potion of might


   Skills:
 + Level 3.6 Fighting
 * Level 2.7 Axes
 + Level 3.6 Armour
 * Level 1.6 Dodging
 + Level 3.5 Shields


You had 3 spell levels left.
You didn't know any spells.
Your spell library was empty.

Dungeon Overview and Level Annotations

Branches:
Dungeon (3/15)

Altars:
Fedhas
Gozag


Innate Abilities, Weirdness & Mutations

You are immune to sickness and miasma.
Your stone body is resilient. (AC +3)
You are immune to poison.
You resist negative energy. (rN+)
You are resistant to electric shocks. (rElec)
You are resistant to unholy torment.
You are immune to petrification.


Message History

You are too injured to fight recklessly!
You are too injured to fight recklessly!
You are too injured to fight recklessly!
You are too injured to fight recklessly!
You are too injured to fight recklessly!
You are too injured to fight recklessly!
You are too injured to fight recklessly!
Unknown command.
The adder is distracted by your dazzling golden aura.
You block the orc priest's attack.
The orc priest begins to cast a cantrip, but forgets the words!
The orc priest invokes the aid of Beogh against you.
Pain shoots through your body!
The orc priest invokes the aid of Beogh against you.
Pain shoots through your body!
* * * LOW HITPOINT WARNING * * *
There is an open door here.
The orc priest calls upon Beogh to heal the orc.
The orc is healed somewhat.
You hear an angry hiss.
There is an open door here.
The orc priest hits you with a +0 mace.
* * * LOW HITPOINT WARNING * * *
You closely miss the orc priest.
The orc priest hits you but does no damage.
You barely miss the orc priest.
You hear the rusting of a very distant drain.
You block the orc priest's attack.
You closely miss the orc priest.
The orc priest invokes the aid of Beogh against you.
Pain shoots through your body!
* * * LOW HITPOINT WARNING * * *
You block the orc priest's attack.
You closely miss the orc priest. The orc priest closely misses you.
You hit the orc priest.
The orc priest is moderately wounded.
The orc priest mumbles some strange prayers to Beogh against you.
Pain shoots through your body!
You die...
Your body crumbles into a pile of gold.

#.....#+......#
#####.##......#
#####.##......#
......##......#
##...###......#
.+...'........#
##...######+#'##
..........#....#######
##.#.####.#....o@oo..#
#.#.# #.#....###...#
#.#.# #...#....+...+
#...# #####....#oo.#
##### ######.###


So. #.. .... #### You could see 2 orc priests and an orc.

Vanquished Creatures
  2 adders (D:2)
  2 worms (D:2)
  2 orcs (D:3)
  7 endoplasms
  A giant cockroach (D:2)
  6 goblins
  3 hobgoblins
  8 jackals (D:2)
  3 kobolds
  4 quokkas
  6 ball pythons
  3 bats
  A frilled lizard (D:1)
  3 rats
51 creatures vanquished.

Vanquished Creatures (others)
  A plant (D:1)
1 creature vanquished.

Grand Total: 52 creatures vanquished

Notes
Turn   | Place    | Note
-------+----------+-------------------------------------------
     0 | D:1      | HallandMoats the Gargoyle Fighter began the quest for the
                  | Orb.
     0 | D:1      | Reached XP level 1. HP: 14/14 MP: 1/1
   164 | D:1      | Reached XP level 2. HP: 18/19 MP: 2/2
   377 | D:1      | Found a faded altar of an unknown god.
   391 | D:1      | Prayed at the altar of an unknown god.
   391 | D:1      | Became a worshipper of Gozag Ym Sagoz the Greedy
   624 | D:1      | Reached skill level 1 in Dodging
   667 | D:1      | Reached XP level 3. HP: 23/23 MP: 3/3
  1469 | D:2      | Found a blossoming altar of Fedhas.
  1704 | D:2      | Reached XP level 4. HP: 28/28 MP: 4/4
  2305 | D:3      | Killed from afar by an orc priest

Illustrated notes

Levels and vault maps discovered:
D:1:      dpeg_arrival_shelter, layout_loops_cross,
          shapermc_ecumenical_altar_pompeii, serial_forest,
          infiniplex_forest_lined_2, infiniplex_forest_clump_long,
          infiniplex_forest_end_3, infiniplex_forest_3_way,
          infiniplex_forest_fountain, infiniplex_forest_side_room,
          infiniplex_forest_clump_double, infiniplex_forest_end_2,
          roderic_three_in_a_row
D:2:      layout_loops_ring, basic_altar, palyth_stone_intersect,
          grunt_decor_resistance, minivault_26
D:3:      layout_basic, amcnicky_altar_gilded, gup_sewer_entry_bubbles,
          kennysheep_flooded_box

Skill      XL: |  1  2 |
---------------+-------+-----
Axes           | 2 |  2.7
Dodging        | 1 |  1.6
Fighting       | |  3.6
Armour         | |  3.6
Shields        | |  3.5

Action                   |  1- 3 |  4- 6 || total
-------------------------+-------+-------++-------
Melee: Whip              |   101 |    48 ||   149
       War axe           |     1 |       ||     1
Armor: Scale mail        |    54 |    12 ||    66
Dodge: Dodged            |    52 |    12 ||    64
Block: Buckler           |    21 |    16 ||    37

Table legend: (Time is in decaauts)
 A = Elapsed time spent in this place.
 B = Non-inter-level travel time spent in this place.
 C = Inter-level travel time spent in this place.
 D = Time resting spent in this place.
 E = Time spent auto-exploring this place.
 F = Levels seen in this place.
 G = Mean time per level.
                   A        B        C        D        E       F      G
               +--------+--------+--------+--------+--------+-----+--------+
         Total |   2315 |   2264 |     51 |      0 |   1922 |   3 |  771.7 |
       Dungeon |   2315 |   2264 |     51 |      0 |   1922 |   3 |  771.7 |
               +--------+--------+--------+--------+--------+-----+--------+

Top non-repeatable levels by time:
     D:1: 1242 daAuts
     D:2: 918 daAuts
     D:3: 154 daAuts
